 Dungeon Crawl Stone Soup version 0.30-a0-1053-gbd8d5ba0ad (webtiles) character file.

Game seed: 1410637880701822632

401039 OhCrap the Slayer (level 21, -1/202 (217) HPs)
             Began as a Minotaur Berserker on Apr 11, 2023.
             Was an Elder of Trog.
             Killed from afar by a Tzitzimitl (51 damage)
             ... with a bolt of negative energy
             ... summoned by a deep elf demonologist
             ... on level 5 of the Vaults.
             The game lasted 01:38:13 (58221 turns).

OhCrap the Slayer (Minotaur Berserker)             Turns: 58221, Time: 01:38:13

HP:   -1/202 (217)  AC: 31    Str: 27      XL:     21   Next: 96%
MP:   6/6           EV: 12    Int:  0 (6)  God:    Trog [****..]
Gold: 4276          SH: 32    Dex: 18      Spells: 20/20 levels left

rFire   + . .      SeeInvis +    a - +2 broad axe (antimagic)
rCold   + + +      Faith    +    U - +8 tower shield
rNeg    . . .      Spirit   .    V - +2 plate armour {rC+}
rPois   +          Reflect  .    A - +2 hat
rElec   +          Rampage  .    d - scarf "Zytet" {rC+ rF+, rElec}
rCorr   .          Clarity  +    F - +0 pair of gloves of Ru's Anger {Dex+2}
Will    +....                    x - +2 pair of boots Stlth
                                 l - amulet of faith
HPRegen 0.53/turn                h - ring of see invisible
MPRegen 0.10/turn                n - ring of Xom's Amusement {Fly rPois rC++ Int+2 Stlth+}

@: on berserk cooldown, flying, slowed, lost intelligence, drained, unable to
read, very slow
A: horns 2, retaliatory headbutt, clarity, subdued magic 1
}: 3/15 runes: serpentine, barnacled, silver
a: Renounce Religion, Berserk, Trog's Hand, Brothers in Arms


You were on level 5 of the Vaults.
You worshipped Trog.
Trog was greatly pleased with you.
You visited 8 branches of the dungeon, and saw 40 of its levels.
You visited the Abyss 2 times.
You visited 1 bazaar.

You collected 5605 gold pieces.
You spent 1329 gold pieces at shops.

Inventory:

Hand Weapons
 a - a +2 antimagic broad axe (weapon)
 b - the +2 broad axe of the Wary Visions {flame, Will++}
   (Trog gifted it to you on level 4 of the Snake Pit)

   Will:      It greatly increases your willpower.
 K - the +3 broad axe of the Enemy {flame, SInv}
   (You acquired it on level 5 of the Lair of Beasts)

   SInv:      It lets you see invisible.
Missiles
 e - a throwing net
 B - 5 javelins
 L - 6 silver javelins (quivered)
Armour
 d - the scarf "Zytet" (worn) {rC+ rF+, rElec}
   (You acquired it in a bazaar)

   rElec:     It insulates you from electricity.
 x - a +2 pair of boots (worn)
 A - a +2 hat (worn)
 F - the +0 pair of gloves of Ru's Anger (worn) {Dex+2}
   (You acquired it on level 13 of the Dungeon)

   Dex:       It affects your dexterity (+2).
 P - a +1 kite shield of reflection
 U - a +8 tower shield (worn)
 V - a +2 plate armour of cold resistance (worn)
Jewellery
 h - a ring of see invisible (left hand)
 l - an amulet of faith (around neck)
 n - the ring of Xom's Amusement (right hand) {Fly rPois rC++ Int+2 Stlth+}
   (You found it on level 5 of the Lair of Beasts)

   [ring of poison resistance]

   Int:       It affects your intelligence (+2).
   rC:        It greatly protects you from cold.
   rPois:     It protects you from poison.
   Fly:       It grants you flight.
   Stlth:     It makes you more stealthy.
 q - a ring of flight
 J - the ring "Zucopn" {Will+ rCorr Dex+5 Stlth-}
   (You acquired it on level 5 of the Lair of Beasts)

   [ring of willpower]

   Dex:       It affects your dexterity (+5).
   rCorr:     It protects you from acid and corrosion.
   Will:      It increases your willpower.
   Stlth:     It makes you less stealthy.
 R - a ring of resist corrosion
Wands
 i - a wand of iceblast (63)
 r - a wand of quicksilver (37)
 u - a wand of mindburst (15)
 C - a wand of digging (3)
 N - a wand of polymorph (7)
 Q - a wand of paralysis (9)
Scrolls
 f - 3 scrolls of enchant armour
 j - 11 scrolls of teleportation
 p - 10 scrolls of fog
 s - 5 scrolls of magic mapping
 t - 7 scrolls of fear
 v - 3 scrolls of blinking
 w - a scroll of butterflies
 y - a scroll of silence
 G - 6 scrolls of poison
 M - 2 scrolls of immolation
 O - 4 scrolls of brand weapon
Potions
 k - 7 potions of flight
 m - 7 potions of cancellation
 o - 5 potions of lignification
 z - a potion of curing
 E - 3 potions of ambrosia
 H - 5 potions of might


   Skills:
 + Level 25.0 Fighting
 - Level 18.0 Axes
 - Level 10.0 Throwing
 + Level 24.9 Armour
 - Level 7.5 Dodging
 * Level 24.0 Shields


You had 20 spell levels left.
You didn't know any spells.
Your spell library was empty.

Dungeon Overview and Level Annotations

Branches:
Dungeon (15/15)            Temple (1/1) D:7            Lair (5/5) D:11
 Shoals (4/4) Lair:2        Snake (4/4) Lair:3        Slime (0/5) Lair:5
    Orc (2/2) D:12            Elf (0/3) Orc:2        Vaults (5/5) D:14
  Crypt (0/3) Vaults:3     Depths (4/4) D:15            Zot (0/5) Depths:4

Altars:
Ashenzari
Dithmenos
Elyvilon
Fedhas
Hepliaklqana
Kikubaaqudgha
Sif Muna
Trog
Uskayaw
Xom
Yredelemnul
Lugonu

Shops:
D:1 [   D:12 ([   Orc:1 *   Orc:2 =(*[   Shoals:1 (!   Snake:1 ?   Snake:3 (
Vaults:3 :   Vaults:4 *   Depths:2 [   Depths:3 ?

Portals:
Hell: Depths:1 Depths:2 Depths:3 Depths:4
Abyss: Lair:5 Depths:2 Depths:3
Pandemonium: Depths:2
Ziggurat: Depths:4

Annotations:
D:2 Shafted after 3 moves.
Lair:5 exclusion: obsidian statue
Shoals:2 2 transporters
Snake:1 3 runed translucent doors, tkbsonic5's ghost, adept MiWn
Vaults:2 2 transporters, exclusion: obsidian statue


Innate Abilities, Weirdness & Mutations

You have a pair of horns on your head.
You reflexively headbutt those who attack you in melee.
You possess an exceptional clarity of mind.
Your spells are a little easier to cast, but a little less powerful.


Message History

You kill the purple draconian!
Trog accepts your kill.
The sun demon hits you but does no damage.
You slash the sun demon! Your headbutt misses the sun demon.
The sun demon is heavily wounded.
You slice the Tzitzimitl!!
The Tzitzimitl's magic leaks into the air.
The Tzitzimitl's magic is no longer disrupted.
You block the orange demon's attack. The Tzitzimitl closely misses you.
The Tzitzimitl bites you.
* * * LOW HITPOINT WARNING * * *
You slash the sun demon!
The sun demon is severely wounded.
You hit the Tzitzimitl but do no damage.
You are no longer berserk.
You are exhausted.
You feel yourself slow down. You block the sun demon's attack.
You block the orange demon's attack. The Tzitzimitl barely misses you.
The Tzitzimitl bites you but does no damage.
You slash the sun demon! You headbutt the sun demon.
The sun demon is almost dead.
You slash the Tzitzimitl!
The Tzitzimitl's magic leaks into the air.
The sun demon closely misses you.
The deep elf demonologist gestures wildly while chanting.
The vault sentinel blows a loud note on a signal horn!
You block the orange demon's attack. You block the Tzitzimitl's attack.
The Tzitzimitl bites you but does no damage.
You block the sun demon's attack.
You hear a shout!
You miss the sun demon.
The sun demon is almost dead.
You slash the Tzitzimitl!
The Tzitzimitl's magic leaks into the air.
You block the sun demon's attack.
The deep elf demonologist casts a spell.
You block the orange demon's attack. The Tzitzimitl gestures at you.
The bolt of negative energy hits you!!!
You feel drained.
You die...

#.....#pT...# #.....# #
#.....#e1..p###p....# #.
######D#####.p.#####.#
#.
#...3.#.p...###.....#..
#..#...pd#.....# .....#
. #..#..e..#.....#
.....# #........#....$#
)....#
#...d###################
#.......p4pe43@.......
#.=.....p232p1........
######################


You could see a Tzitzimitl (summoned, magic disrupted), a lorocyproca (summoned,
invisible), 3 vault guards, a sun demon (summoned), a deep elf demonologist, an
orange demon (summoned, expiring), a vault sentinel (catching breath), a
hellwing (summoned), a tormentor (summoned) and a neqoxec (summoned).

Vanquished Creatures
  An ancient lich (Vaults:5)
  A caustic shrike (Depths:3)
  Bai Suzhen (Vaults:4)
  2 golden dragons
  3 bone dragons
  A tentacled monstrosity (Depths:3)
  4 liches
  Mlioglotl (Shoals:3)
  2 quicksilver dragons
  5 sphinxes
  2 krakens (Shoals:3)
  6 tentacled starspawn (Abyss:2)
  A shadow dragon (Depths:3)
  2 storm dragons
  Ilsuiw (Shoals:3)
  2 tengu reavers
  2 fire giants
  15 nagarajas (Snake:4)
  A deep elf sorcerer (Abyss:2)
  A balrug (Abyss:2)
  18 vault wardens
  6 frost giants
  A draconian scorcher (Depths:4)
  2 draconian shifters (Depths:4)
  2 spriggan defenders (Depths:3)
  2 iron dragons
  Aizul (Snake:3)
  A cacodemon (Abyss:2)
  A caustic shrike zombie (Depths:3)
  5 stone giants
  2 orc warlords
  13 ironbound preservers
  Louise (Depths:2)
  18 very ugly things
  10 ironbound thunderhulks
  A vampire knight (Depths:1)
  A black draconian (Depths:4)
  Azrael (Snake:3)
  2 green draconians (Depths:4)
  A deep elf annihilator (Vaults:1)
  2 deep elf demonologists
  A purple draconian (Vaults:5)
  6 dire elephants
  A yellow draconian (Depths:4)
  9 fire dragons
  5 ettins
  5 merfolk javelineers
  7 merfolk impalers
  2 entropy weavers (Vaults:4)
  8 great orbs of eyes
  10 yaktaur captains
  4 rakshasas
  5 ice dragons
  A hell beast (Depths:2)
  8 hydras
  5 spriggan air magi
  16 centaur warriors
  7 vault guards
  A death knight (D:15)
  3 ogre magi
  5 ironbound frosthearts
  A two-headed ogre (shapeshifter) (Vaults:3)
  3 merfolk avatars
  The ghost of patfeehan111222 the Cleaver, a novice MiBe of Trog (D:8)
  2 anacondas
  3 death yaks
  16 naga warriors
  8 two-headed ogres
  A merfolk aquamancer (Shoals:2)
  4 boulder beetles
  11 tengu warriors
  A hell hog (Depths:2)
  4 orc high priests
  3 spriggan berserkers
  5 deep troll shamans
  2 satyrs
  A vampire mage (Depths:1)
  14 deep troll earth magi
  14 naga sharpshooters
  Urug (D:11)
  10 shock serpents
  A hell knight (Abyss:2)
  3 wretched stars (Abyss:2)
  A soul eater (D:9)
  3 salamander mystics
  3 sixfirhies
  A spectral death yak (Lair:5)
  7 iron trolls
  7 sea snakes
  A spectral anaconda (Lair:5)
  46 deep trolls
  9 wizards
  3 glowing orange brains
  8 naga ritualists
  16 ironbound convokers
  2 phantasmal warriors
  A spriggan simulacrum (Depths:3)
  2 flayed ghosts
  5 orc knights
  17 lindwurms
  A deep elf pyromancer (D:14)
  6 necromancers
  2 mana vipers (Snake:2)
  36 ugly things
  20 harpies
  The ghost of 0gre the Chiller, a novice GnIE (D:6)
  A manticore (shapeshifter) (D:14)
  5 fauns
  12 manticores
  A salamander (shapeshifter) (D:15)
  15 salamanders
  10 cyclopes
  An orc sorcerer (Orc:2)
  A tengu skeleton (Vaults:3)
  2 worldbinders (Abyss:2)
  21 elephants
  20 vault sentinels
  7 merfolk sirens
  A fire giant skeleton (Depths:3)
  A stone giant skeleton (Abyss:2)
  6 guardian serpents (Snake:4)
  32 black mambas
  13 naga magi
  2 water nymphs
  2 gargoyles
  A dire elephant skeleton (Lair:5)
  A smoke demon (Abyss:2)
  8 cane toads
  A human zombie (Vaults:3)
  2 orange demons (Abyss:2)
  A torpor snail (Lair:3)
  34 yaktaurs
  2 unseen horrors
  A komodo dragon (shapeshifter) (Depths:1)
  14 komodo dragons
  7 large abominations (Abyss:2)
  7 tengu conjurers
  5 rime drakes
  An efreet (D:15)
  A freezing wraith (Vaults:2)
  A yaktaur (shapeshifter) (D:14)
  A harpy zombie (Abyss:2)
  A red devil (D:9)
  3 meliai (D:13)
  2 ancient zymes (Abyss:2)
  11 trolls
  A wind drake (Shoals:1)
  27 merfolk
  12 blink frogs
  6 snapping turtles
  2 spectral elephants (Lair:5)
  A shadow dragon simulacrum (Vaults:3)
  Prince Ribbit (Lair:1)
  7 dream sheep
  4 raiju
  10 flying skulls (Abyss:2)
  A culicivora (shapeshifter) (Depths:2)
  A shadow (D:12)
  A spriggan (D:7)
  A spriggan (shapeshifter) (Abyss:2)
  A ynoxinul (Abyss:2)
  25 slime creatures
  3 wraiths
  A dire elephant simulacrum (Lair:5)
  4 wyverns
  5 water elementals
  A human (D:14)
  2 fire bats (Abyss:2)
  A vampire (D:12)
  A yak (shapeshifter) (D:13)
  57 yaks
  3 fire elementals (Snake:3)
  3 basilisks
  2 chaos spawn (Abyss:2)
  12 vampire mosquitoes
  3 neqoxecs (Abyss:2)
  5 wargs
  45 nagas
  2 spectral cane toads (Lair:5)
  An acid dragon (D:14)
  2 floating eyes (Depths:3)
  15 water moccasins
  4 hell hounds (Snake:3)
  An ogre skeleton (Vaults:3)
  25 orc warriors
  A swamp drake (D:12)
  2 sky beasts
  2 ice beasts
  An elephant zombie (Lair:5)
  9 ogres
  A black bear (Lair:2)
  4 boggarts
  3 centaurs
  12 starcursed masses (Abyss:2)
  12 kobold brigands
  2 phantoms (D:5)
  9 bullfrogs
  A scorpion (D:4)
  A cane toad simulacrum (Lair:5)
  An earth elemental (Abyss:2)
  2 gnoll sergeants
  4 small abominations (Abyss:2)
  3 wights (D:6)
  An elephant simulacrum (Lair:5)
  3 killer bees (D:7)
  5 howler monkeys
  An electric eel (Lair:2)
  3 quasits (D:9)
  A jelly (D:6)
  13 orc priests
  Crazy Yiuf (D:6)
  A gnoll bouda (Orc:2)
  3 hounds (D:5)
  An iron imp (Abyss:2)
  8 iguanas
  18 orc wizards
  6 hell rats
  Robin (D:2)
  7 adders
  18 gnolls
  9 river rats (Lair:1)
  A shadow imp (D:5)
  3 white imps
  An ufetubus (D:5)
  2 worms
  3 dart slugs
  69 orcs
  3 bats
  6 endoplasms
  3 giant cockroaches (D:1)
  16 goblins
  6 hobgoblins
  9 quokkas
  8 ball pythons
  2 frilled lizards (D:3)
  9 kobolds
  6 rats
  A lurking horror (Abyss:2)
  4 starspawn tentacles (Abyss:2)
  6 tentacles (Shoals:3)
  A toadstool (D:13)
1447 creatures vanquished.

Vanquished Creatures (collateral kills)
  A fire giant (Depths:4)
  A yellow draconian (Depths:4)
  A white draconian (Depths:4)
  A great orb of eyes (Vaults:2)
  A vault guard (Vaults:5)
  A satyr (Shoals:3)
  A naga warrior (Snake:4)
  A hell knight (Depths:4)
  A glowing orange brain (Vaults:2)
  A faun (Shoals:3)
  A centaur zombie (Abyss:2)
  A naga mage (Snake:4)
  4 yaktaurs (Vaults:2)
  A wind drake (Shoals:1)
  A small abomination (Abyss:2)
  A quasit (Abyss:2)
  A starcursed mass (Abyss:2)
20 creatures vanquished.

Vanquished Creatures (others)
  A centaur warrior (Vaults:2)
  3 deep trolls (Vaults:2)
  An orc knight (Vaults:5)
  A bullfrog (D:4)
  An endoplasm (D:4)
  A hobgoblin (D:4)
  A quokka (D:4)
  2 ball pythons (D:4)
  3 demonic plants (D:9)
  62 fungi
  A lurking horror (Lair:5)
  94 plants
  22 starspawn tentacles (Abyss:2)
  9 tentacles (Shoals:3)
  4 toadstools (D:13)
  17 withered plants (Lair:5)
223 creatures vanquished.

Grand Total: 1690 creatures vanquished

Notes
Turn   | Place    | Note
-------+----------+-------------------------------------------
     0 | D:1      | OhCrap the Minotaur Berserker began the quest for the Orb.
     0 | D:1      | Reached XP level 1. HP: 19/19 MP: 0/0
    21 | D:1      | You fall into a shaft and drop 1 floor!
    62 | D:2      | Reached XP level 2. HP: 20/27 MP: 1/1
   125 | D:2      | Found a shimmering blue altar of Sif Muna.
   181 | D:1      | Reached skill level 4 in Fighting
   335 | D:1      | Reached XP level 3. HP: 30/33 MP: 2/2
   615 | D:1      | Found Empuomn's Armour Boutique.
   627 | D:1      | Found a faded altar of an unknown god.
   891 | D:2      | Noticed Robin
   910 | D:2      | Reached ** piety under Trog
   954 | D:2      | Killed Robin
  1102 | D:2      | Reached XP level 4. HP: 40/41 MP: 3/3
  1244 | D:3      | Reached skill level 5 in Axes
  1849 | D:3      | Reached XP level 5. HP: 43/47 MP: 4/4
  2090 | D:3      | Reached skill level 5 in Fighting
  2666 | D:4      | Reached XP level 6. HP: 56/56 MP: 5/5
  2668 | D:4      | Reached *** piety under Trog
  2791 | D:4      | Found a shimmering altar of Xom.
  2979 | D:4      | Reached skill level 1 in Shields
  3323 | D:5      | Entered Level 5 of the Dungeon
  3441 | D:5      | Reached XP level 7. HP: 49/61 MP: 6/6
  3969 | D:5      | Reached skill level 5 in Armour
  4000 | D:5      | Found a blossoming altar of Fedhas.
  4037 | D:5      | Reached skill level 6 in Fighting
  4555 | D:6      | Noticed 0gre's ghost (novice GnIE)
  4561 | D:6      | Reached XP level 8. HP: 70/70 MP: 7/7
  4568 | D:6      | Found a runed translucent door.
  4604 | D:6      | Reached **** piety under Trog
  4777 | D:6      | Reached skill level 5 in Shields
  4952 | D:6      | Found a shadowy altar of Dithmenos.
  5026 | D:6      | Noticed a two-headed ogre
  5033 | D:6      | Killed a two-headed ogre
  5034 | D:6      | Reached skill level 7 in Fighting
  5034 | D:6      | Reached XP level 9. HP: 74/79 MP: 8/8
  5319 | D:6      | Found a runed translucent door.
  5322 | D:6      | Noticed Crazy Yiuf
  5328 | D:6      | Killed Crazy Yiuf
  5616 | D:7      | Found a hide-covered altar of Uskayaw.
  5616 | D:7      | Found a faded altar of an unknown god.
  5622 | D:7      | Found a bloodstained altar of Trog.
  5624 | D:7      | Found a faded altar of an unknown god.
  5626 | D:7      | Found a broken altar of Ashenzari.
  5834 | D:7      | Reached skill level 10 in Axes
  6147 | D:7      | Found a staircase to the Ecumenical Temple.
  6155 | Temple   | Entered the Ecumenical Temple
  6655 | D:8      | Found a runed translucent gate.
  6656 | D:8      | Found a runed translucent gate.
  6657 | D:8      | Found a runed translucent gate.
  6659 | D:8      | Noticed patfeehan111222's ghost (novice MiBe)
  7169 | D:8      | Killed patfeehan111222's ghost
  7170 | D:8      | Reached skill level 8 in Fighting
  7194 | D:8      | Reached XP level 10. HP: 49/88 MP: 9/9
  7599 | D:9      | Noticed a soul eater
  7626 | D:9      | Killed a soul eater
  7799 | D:9      | Reached skill level 10 in Shields
  7800 | D:9      | Reached XP level 11. HP: 90/95 MP: 10/10
  8365 | D:10     | Entered Level 10 of the Dungeon
  8560 | D:10     | Identified the -1 pair of gloves of the Invisible Hand
                  | {Will+}
  8568 | D:10     | Reached skill level 9 in Fighting
  8594 | D:10     | Reached ***** piety under Trog
  8762 | D:10     | Identified the +7 arbalest of the Purse {heavy, SInv}
  9251 | D:11     | Noticed a two-headed ogre
  9257 | D:11     | Killed a two-headed ogre
  9348 | D:11     | Noticed Urug
  9348 | D:11     | Noticed a two-headed ogre
  9349 | D:11     | Found a staircase to the Lair.
  9387 | D:11     | Killed a two-headed ogre
  9406 | D:11     | Reached XP level 12. HP: 46/105 MP: 11/11
  9634 | D:11     | Killed Urug
  9641 | D:11     | Reached skill level 15 in Axes
 10320 | Lair:1   | Entered Level 1 of the Lair of Beasts
 10334 | Lair:1   | Reached skill level 10 in Fighting
 11515 | Lair:2   | Received a gift from Trog
 11737 | Lair:2   | Reached skill level 10 in Armour
 11762 | Lair:2   | Noticed Prince Ribbit
 11788 | Lair:1   | Killed Prince Ribbit
 12638 | Lair:2   | Found a staircase to the Shoals.
 12759 | Lair:3   | Noticed an eight-headed hydra
 12759 | Lair:3   | Noticed a boulder beetle
 12766 | Lair:3   | Killed a boulder beetle
 12851 | Lair:3   | Noticed a four-headed hydra
 12862 | Lair:3   | Killed a four-headed hydra
 12866 | Lair:3   | Reached XP level 13. HP: 91/115 MP: 12/12
 13343 | Lair:3   | Found a staircase to the Snake Pit.
 13347 | Lair:3   | Reached skill level 11 in Fighting
 15421 | Lair:5   | Entered Level 5 of the Lair of Beasts
 15433 | Lair:5   | Found a one-way gate to the infinite horrors of the Abyss.
 15433 | Lair:5   | Found a corrupted altar of Lugonu.
 15433 | Lair:5   | Identified the +1 great mace "Demonbane" {flame, *Rage rC+
                  | Dex+2}
 15621 | Lair:5   | Identified 3 scrolls of acquirement
 15621 | Lair:5   | Acquired the ring "Zucopn" {Will+ rCorr Dex+5 Stlth-}
 15623 | Lair:5   | Acquired the +3 broad axe of the Enemy {flame, SInv}
 15626 | Lair:5   | Acquired 839 gold pieces
 15854 | Lair:5   | Reached skill level 15 in Shields
 15881 | Lair:5   | Reached skill level 12 in Fighting
 16028 | Lair:5   | Found a staircase to the Slime Pits.
 16207 | Lair:5   | Reached XP level 14. HP: 110/126 MP: 13/13
 16764 | Lair:5   | Reached ****** piety under Trog
 16937 | Lair:5   | Identified the ring of Xom's Amusement {Fly rPois rC++
                  | Int+2 Stlth+}
 17248 | Lair:5   | Identified the +4 hand axe "Bokogob" {antimagic, rC+ rN+}
                  | (Trog gifted it to you on level 5 of the Lair of Beasts)
 17248 | Lair:5   | Received a gift from Trog
 17693 | D:12     | Found Wafiomm's Weapon Shop.
 17693 | D:12     | Found a staircase to the Orcish Mines.
 17693 | D:12     | Found Itasis's Armour Shop.
 17785 | D:12     | Reached skill level 1 in Throwing
 17858 | D:12     | Found a hazy altar of Hepliaklqana.
 17891 | D:12     | Reached skill level 13 in Fighting
 18695 | D:13     | Found the +5 glaive of the Guard {elec, spectral, AC+5}
 19128 | D:13     | Acquired the +0 pair of gloves of Ru's Anger {Dex+2}
 20125 | D:14     | Reached XP level 15. HP: 136/136 MP: 14/14
 20580 | D:14     | Found a gate to the Vaults.
 21402 | D:15     | Entered Level 15 of the Dungeon
 21693 | D:15     | Received a gift from Trog
 21717 | D:15     | Reached skill level 14 in Fighting
 21777 | D:15     | Found a staircase to the Depths.
 21969 | D:15     | Found a blossoming altar of Fedhas.
 21993 | D:15     | Reached skill level 5 in Throwing
 22926 | Orc:1    | Entered Level 1 of the Orcish Mines
 23010 | Orc:1    | Found Usa Apt's Overcharged Wands.
 23158 | Orc:2    | Entered Level 2 of the Orcish Mines
 23218 | Orc:1    | Received a gift from Trog
 23527 | Orc:2    | Found Difif's General Store.
 23588 | Orc:2    | Found Satauz's Antique Armour Boutique.
 23724 | Orc:2    | Found a staircase to the Elven Halls.
 23791 | Orc:1    | Received a gift from Trog
 23966 | Orc:1    | You are sucked into a shaft and drop 1 floor!
 24263 | Orc:2    | Found Iffa's Antique Weapon Shoppe.
 24501 | Orc:2    | Found Riphikon's Jewellery Boutique.
 25000 | D:6      | Killed 0gre's ghost
 25214 | Shoals:1 | Entered Level 1 of the Shoals
 25256 | Shoals:1 | Found Dafefium's Antique Weapon Shoppe.
 25538 | Shoals:1 | Received a gift from Trog
 25633 | Shoals:1 | Reached XP level 16. HP: 126/147 MP: 15/15
 26225 | Shoals:1 | Reached skill level 15 in Fighting
 26616 | Shoals:1 | Found Kupyheopn's Distillery.
 27179 | Shoals:2 | Found a transporter.
 27445 | Shoals:2 | Found a transporter.
 28281 | Shoals:3 | Noticed Ilsuiw
 29157 | Shoals:3 | Killed Ilsuiw
 29436 | Shoals:3 | Noticed a kraken
 29466 | Shoals:3 | Killed a kraken
 29467 | Shoals:3 | Reached skill level 15 in Armour
 29523 | Shoals:3 | Noticed a kraken
 29537 | Shoals:3 | Killed a kraken
 30722 | Shoals:3 | Noticed Mlioglotl
 30732 | Shoals:3 | Killed Mlioglotl
 31307 | Shoals:4 | Entered Level 4 of the Shoals
 31410 | Shoals:4 | Received a gift from Trog
 32086 | Shoals:4 | Got a barnacled rune of Zot
 32309 | Snake:1  | Entered Level 1 of the Snake Pit
 32341 | Snake:1  | Reached skill level 16 in Fighting
 32351 | Snake:1  | Noticed tkbsonic5's ghost (adept MiWn)
 32459 | Snake:1  | Reached XP level 17. HP: 145/158 MP: 16/16
 32710 | Snake:1  | Found a runed translucent gate.
 32710 | Snake:1  | Found a runed translucent gate.
 32711 | Snake:1  | Found a runed translucent gate.
 32895 | Snake:1  | Found Ketobag's Magic Scroll Shop.
 32901 | Snake:1  | Bought a scroll of brand weapon for 133 gold pieces
 34073 | Snake:2  | Received a gift from Trog
 34848 | Snake:3  | Noticed Aizul
 34866 | Snake:3  | Killed Aizul
 35062 | Snake:3  | HP: 2/159 [shock serpent (14)]
 35563 | Snake:3  | Noticed Azrael
 35575 | Snake:3  | Killed Azrael
 35582 | Snake:3  | Received a gift from Trog
 35729 | Snake:3  | Found Motwufen's Weapon Boutique.
 36185 | Snake:4  | Entered Level 4 of the Snake Pit
 37594 | Snake:4  | Reached skill level 17 in Fighting
 37690 | Snake:4  | Reached skill level 10 in Throwing
 37694 | Snake:4  | Received a gift from Trog
 38988 | Snake:4  | Reached XP level 18. HP: 125/170 MP: 17/17
 39373 | Snake:4  | Identified the +2 broad axe of the Wary Visions {flame,
                  | Will++} (Trog gifted it to you on level 4 of the Snake Pit)
 39373 | Snake:4  | Received a gift from Trog
 39722 | Snake:4  | Reached skill level 18 in Fighting
 40223 | Snake:4  | Got a serpentine rune of Zot
 40562 | Vaults:1 | Entered Level 1 of the Vaults
 40751 | Vaults:1 | Identified the +7 short sword of Wessah {antimagic, *Rage
                  | rCorr Stlth+}
 40869 | Vaults:1 | Identified the +6 quarterstaff "Dragon's Tongue" {drain,
                  | rF+ rCorr Int-3}
 40926 | Vaults:1 | Received a gift from Trog
 42109 | Vaults:1 | Reached skill level 19 in Fighting
 43078 | Vaults:2 | Found a gateway to a bazaar.
 43095 | Bazaar   | Entered a bazaar
 43095 | Bazaar   | Found Cobiuc's Magic Scroll Emporium.
 43095 | Bazaar   | Found Kytrepn's Magic Scroll Boutique.
 43155 | Bazaar   | Found Naklutri's Assorted Antiques.
 43156 | Bazaar   | Found Joagica's Book Shop.
 43162 | Bazaar   | Found Uxiuph's Assorted Antiques.
 43170 | Bazaar   | Bought a scroll of acquirement for 1196 gold pieces
 43170 | Bazaar   | Acquired the scarf "Zytet" {rC+ rF+, rElec}
 43275 | Vaults:2 | Received a gift from Trog
 43477 | Vaults:2 | HP: 8/178 [yaktaur/bolt (14)]
 44037 | Vaults:2 | Reached skill level 20 in Fighting
 44050 | Vaults:2 | Reached XP level 19. HP: 44/185 MP: 13/18
 44789 | Vaults:2 | Found a transporter.
 44804 | Vaults:2 | Found a transporter.
 46213 | Vaults:3 | Received a gift from Trog
 46239 | Vaults:3 | Reached skill level 21 in Fighting
 46470 | Vaults:3 | Found Cig Ashad's Book Shop.
 46479 | Vaults:3 | Found a staircase to the Crypt.
 46479 | Vaults:3 | Found an ancient bone altar of Kikubaaqudgha.
 46481 | Vaults:3 | Found a basalt altar of Yredelemnul.
 47228 | Vaults:3 | Received a gift from Trog
 48103 | Vaults:4 | Reached skill level 22 in Fighting
 48326 | Vaults:4 | Received a gift from Trog
 48330 | Vaults:4 | Reached XP level 20. HP: 200/200 MP: 19/19
 48476 | Vaults:4 | Noticed Bai Suzhen
 48490 | Vaults:4 | Killed Bai Suzhen
 49500 | Vaults:4 | Found Reim's Assorted Antiques.
 49782 | Depths:1 | Entered Level 1 of the Depths
 50091 | Depths:1 | Reached skill level 23 in Fighting
 50517 | Depths:1 | Received a gift from Trog
 51344 | Depths:1 | Found a gateway to Hell.
 51741 | Depths:2 | Found a one-way gate leading to the halls of Pandemonium.
 51895 | Depths:2 | Noticed a bone dragon
 51961 | Depths:2 | Killed a bone dragon
 52274 | Depths:2 | Found Ynoxi's Armour Emporium.
 52299 | Depths:2 | Reached skill level 24 in Fighting
 52869 | Depths:2 | Noticed Louise
 52891 | Depths:2 | Killed Louise
 53035 | Depths:2 | Found a white marble altar of Elyvilon.
 53122 | Depths:3 | Found Royleruo's Magic Scroll Shoppe.
 53422 | Depths:3 | Received a gift from Trog
 53730 | Depths:3 | Reached XP level 21. HP: 207/207 MP: 6/20
 54593 | Depths:3 | Noticed a caustic shrike
 54602 | Depths:3 | Killed a caustic shrike
 54725 | Depths:3 | Paralysed by a floating eye for 3 turns
 54909 | Depths:3 | Noticed a golden dragon
 54927 | Depths:3 | Killed a golden dragon
 55356 | Depths:4 | Entered Level 4 of the Depths
 56000 | Depths:4 | Found a gate to the Realm of Zot.
 56002 | Depths:4 | Noticed a golden dragon
 56022 | Depths:4 | Killed a golden dragon
 56039 | Depths:4 | Received a gift from Trog
 56784 | Depths:4 | Found a one-way gateway to a ziggurat.
 57271 | Vaults:5 | Entered Level 5 of the Vaults
 57274 | Vaults:5 | Noticed an ancient lich
 57283 | Vaults:5 | Killed an ancient lich
 57330 | Abyss:2  | Cast into level 2 of the Abyss (a deep elf demonologist)
 57557 | Abyss:2  | Gained mutation: You possess an exceptional clarity of
                  | mind. [a neqoxec]
 57758 | Abyss:2  | Gained mutation: Your spells are a little easier to cast,
                  | but a little less powerful. [a neqoxec]
 57759 | Abyss:2  | Lost intelligence.
 57816 | Abyss:2  | Paralysed by accursed screaming for 1 turns
 57841 | Abyss:2  | Received a gift from Trog
 57853 | Vaults:5 | Escaped the Abyss
 57854 | Vaults:5 | Got a silver rune of Zot
 57872 | Abyss:2  | Cast into level 2 of the Abyss (a deep elf demonologist)
 57882 | Abyss:2  | HP: 9/216 [poisoned by a balrug]
 57887 | Abyss:2  | HP: 6/216 [poisoned by a balrug]
 58047 | Abyss:2  | Found a corrupted altar of Lugonu.
 58077 | Abyss:2  | Reached skill level 25 in Fighting
 58088 | Abyss:2  | Found an iron altar of Okawaru.
 58153 | Abyss:2  | Found a corrupted altar of Lugonu.
 58154 | Abyss:2  | Found a corrupted altar of Lugonu.
 58154 | Abyss:2  | Found a corrupted altar of Lugonu.
 58183 | Vaults:5 | Escaped the Abyss
 58221 | Vaults:5 | Killed from afar by a Tzitzimitl

Illustrated notes

Levels and vault maps discovered:
D:1:      heliophobic_arrival_henge, layout_basic,
          ebering_ecumenical_altar_rust, serial_shops, shop
D:2:      layout_basic, basic_altar, uniq_robin
D:3:      minmay_octagon_keep, layout_basic
D:4:      layout_gridville, xom_confusion_cloud
D:5:      layout_loops_cross, mainiacjoe_overflow_alcove_4
D:6:      layout_loops_ring, mainiacjoe_overflow_tiny_flanked,
          hellmonk_ghost_happy_afterlife, minmay_a_box_with_orc_wizards_in_it,
          uniq_crazy_yiuf_cottage
D:7:      layout_basic, chequers_temple_overflow_minitemple,
          minmay_temple_entry_glassed_door, grunt_decor_one_mirror, the_hattery
D:8:      layout_loops_ring, gammafunk_ghost_nasty_kobolds, serial_bayou_pond_d,
          chequers_serial_rivers_small_3
D:9:      layout_roguey, serial_demonic, serial_demonic_g, serial_demonic_f,
          serial_demonic_d, serial_demonic_b
D:10:     layout_loops_ring
D:11:     layout_loops_cross, minmay_lair_entry_grove, uniq_urug
D:12:     wad_woods_stonehenge, layout_small_grid, orc_david_3, pond
D:13:     minmay_shoctagon, layout_rooms, minmay_gold_behind_fungi
D:14:     layout_roguey, grunt_vaults_entry_fortified, serial_corexii_hall,
          corexii_hall_statues_x, corexii_hall_statues_u,
          chequers_hall_statues_wall_a, corexii_hall_statues_l,
          grunt_ministairs_13, minmay_puff
D:15:     hangedman_depths_entry_civil_slaughter, layout_long_grid,
          minivault_24, fedhas_altar_fruit_tree
Temple:   regret_index_temple_sphere_string
Lair:1:   layout_long_grid, kennysheep_rathole
Lair:2:   layout_cave_pods, minmay_shoals_entry_hut, grunt_megastairs_4,
          uniq_prince_ribbit2
Lair:3:   nzn_winding_woodlands_stair_cross
          [nzn_winding_woodlands_5x15_split_checker,
          nzn_winding_woodlands_center_garden, nzn_winding_woodlands_5x15_eye,
          nzn_winding_woodlands_5x5_default, nzn_winding_woodlands_5x5_default,
          nzn_winding_woodlands_5x15_twine,
          nzn_winding_woodlands_center_triple_pond,
          nzn_winding_woodlands_5x15_sidewinder], layout_regular_city,
          nicolae_snake_entry_squirm, infiniplex_staircase_pool
Lair:4:   layout_misc_corridors
Lair:5:   due_jungle_book, layout_loops_ring, slime_entry_1,
          amcnicky_altar_lugonu_corruption
Shoals:1: layout_shoals, serial_shops, nicolae_diamond_shop,
          nicolae_shoals_c_island
Shoals:2: layout_shoals, gammafunk_ghost_berserking_beasts,
          nicolae_shoals_lost_giant_pillars, nicolae_shoals_arrival_archipelago
Shoals:3: layout_shoals, uniq_mlioglotl, uniq_ilsuiw
Shoals:4: shoals_end_hangedman, layout_shoals, serial_shops,
          nicolae_shop_behind_doors, uniq_polyphemus
Snake:1:  layout_grid_maze, gammafunk_ghost_split, minmay_shop_star
Snake:2:  layout_onion_interference
Snake:3:  layout_misc_corridors, serial_shops, nicolae_shop_trees,
          nicolae_snake_slithery_hallway, lemuel_fruit_tree, uniq_azrael,
          uniq_aizul
Snake:4:  grunt_snake_rune_spirals, layout_onion, nicolae_snake_single_loop
Orc:1:    layout_caves, nicolae_shop_overcharged_wands
Orc:2:    grunt_orc_gardens, layout_caves, grunt_orc_garden, grunt_orc_garden,
          grunt_orc_garden, grunt_orc_garden, basic_altar, bh_open_orc_temple
Vaults:1: v_misc_12, nicolae_vaults_stairing_the_circle, ontoclasm_vaults_spin,
          st_squares, v_misc_17, nicolae_vaults_yaktaur_gun_rack, v_pattern_3,
          layout_vaults_chaotic_city
Vaults:2: gammafunk_sealed_arena, ontoclasm_vaults_twist,
          hangedman_vaults_cutoff, v_misc_27, nicolae_vaults_diagonal_hallway_6,
          v_misc_27, vaults_room_door_ring, v_pattern_5, v_misc_13,
          grunt_vaults_focal, v_misc_26, vaults_room_boxed,
          vaults_room_door_ring, layout_vaults_omnibox, serial_shops,
          freezing_bzr
Vaults:3: minmay_crypt_entry_necro_gods, v_misc_2, v_misc_19, v_misc_11,
          nicolae_vaults_twisting_passages, vaults_mumra_minichess,
          vaults_room_fours, vaults_room_semicircle, ontoclasm_vaults_pinch,
          ontoclasm_vaults_chip, layout_vaults_omnigrid, serial_shops,
          nicolae_shop_crystal
Vaults:4: hangedman_vaults_stretched_pinwheel, v_misc_10,
          nicolae_vaults_fighting_squares, ontoclasm_vaults_chip, v_misc_26,
          nicolae_vaults_circle_grid_b, v_misc_32,
          nicolae_vaults_network_square, hangedman_vaults_unwind,
          ontoclasm_vaults_claustrophobia, ontoclasm_vaults_ring_large,
          ontoclasm_vaults_ring_small, serial_ice_m, layout_vaults_maze,
          serial_shops, nicolae_shop_hallway_stairs, uniq_bai_suzhen
Vaults:5: uniq_sojobo
Depths:1: layout_gridlike, minmay_misc_feat_encased, hell_entry,
          minmay_fractal_squares_gapless_7
Depths:2: kennysheep_spiral_hall, layout_basic, serial_shops,
          nicolae_shop_statue_plus, pan_entry, grunt_mini_vestibule,
          nicolae_abyss_entry_one_way_or_another, nicolae_elyvilon_temple_path,
          minmay_misc_feat_iff, firewood_loft
Depths:3: kennysheep_four_of_diamonds, layout_gridlike, serial_shops,
          shop_fountains, hell_entry, minivault_11, abyss_entry
Depths:4: grunt_zot_entry_funnels, layout_gridlike, enter_ziggurat_c,
          pf_hell_entry_great_geh, hangedman_glass_teeth

Skill      XL: |  1  2  3  4  5  6  7  8  9 10 11 12 13 14 15 16 17 18 19 20 21 |
---------------+----------------------------------------------------------------+-----
Axes           | 4 5 6 7 8 9 11 14 16 17 18 | 18.0
Fighting       | 4 5 6 7 8 9 10 12 13 14 16 17 20 22 24 25 | 25.0
Armour         | 3 4 5 6 7 8 9 10 11 13 14 15 17 19 22 23 24 | 24.9
Shields        | 2 4 6 9 10 11 13 15 17 19 20 21 24 | 24.0
Dodging        | 7 |  7.5
Throwing       | 3 6 8 10 | 10.0

Action                     |  1- 3 |  4- 6 |  7- 9 | 10-12 | 13-15 | 16-18 | 19-21 || total
---------------------------+-------+-------+-------+-------+-------+-------+-------++-------
  Melee: Hand axe          |    74 |   149 |   226 |    85 |       |       |       ||   534
         Headbutt          |     5 |    22 |    40 |    99 |   256 |   384 |   615 ||  1421
         Punch             |       |     1 |       |       |       |       |       ||     1
         War axe           |       |       |       |   312 |       |       |       ||   312
         Broad axe         |       |       |       |    66 |   972 |  1349 |  1858 ||  4245
         Morningstar       |       |       |       |     8 |    49 |       |       ||    57
  Throw: Javelin           |       |       |       |     3 |    11 |    23 |       ||    37
         Throwing net      |       |       |       |       |       |     3 |       ||     3
 Invoke: Berserk           |     1 |     2 |     4 |     9 |     9 |    11 |    24 ||    60
         Trog's Hand       |       |       |       |       |     8 |     4 |    23 ||    35
         Brothers in Arms  |       |       |       |       |     1 |     4 |     4 ||     9
  Evoke: Wand              |       |     1 |       |     1 |     1 |     2 |       ||     5
    Use: Scroll            |     7 |     6 |    11 |     6 |     6 |     7 |    11 ||    54
         Potion            |       |       |     1 |     6 |     2 |     8 |    17 ||    34
   Stab: Held in net/web   |       |       |       |       |       |     1 |       ||     1
         Distracted        |       |       |       |       |       |     1 |     2 ||     3
         Invisible         |       |       |       |       |       |       |     1 ||     1
 Armour: Animal skin       |    13 |     5 |       |       |       |       |       ||    18
         Chain mail        |       |    55 |    68 |   153 |    97 |       |       ||   373
         Plate armour      |       |       |       |       |   210 |   399 |   582 ||  1191
  Dodge: Dodged            |    52 |    50 |    53 |   134 |   227 |   344 |   394 ||  1254
  Block: Kite shield       |       |    10 |   100 |   259 |    82 |   377 |   668 ||  1496
         Tower shield      |       |       |       |       |   739 |   929 |   861 ||  2529
         Reflection        |       |       |       |       |       |    63 |    51 ||   114

Table legend: (Time is in decaauts)
 A = Elapsed time spent in this place.
 B = Non-inter-level travel time spent in this place.
 C = Inter-level travel time spent in this place.
 D = Time resting spent in this place.
 E = Time spent auto-exploring this place.
 F = Levels seen in this place.
 G = Mean time per level.
                   A        B        C        D        E       F      G
               +--------+--------+--------+--------+--------+-----+--------+
         Total |  57950 |  55310 |   2640 |  19399 |  25603 |  43 | 1347.7 |
       Dungeon |  16242 |  15155 |   1087 |   4002 |   8539 |  15 | 1082.8 |
        Temple |      1 |      1 |      0 |      0 |      0 |   1 |    1.0 |
          Lair |   7716 |   7167 |    549 |   2148 |   3800 |   5 | 1543.2 |
        Shoals |   6921 |   6702 |    219 |   3353 |   2411 |   4 | 1730.2 |
     Snake Pit |   7974 |   7810 |    164 |   3796 |   2588 |   4 | 1993.5 |
  Orcish Mines |   1916 |   1871 |     45 |    480 |   1009 |   2 |  958.0 |
        Vaults |   9128 |   8741 |    387 |   3131 |   4059 |   5 | 1825.6 |
        Depths |   7021 |   6834 |    187 |   2468 |   3141 |   4 | 1755.2 |
         Abyss |    903 |    903 |      0 |      2 |      0 |   2 |  451.5 |
        Bazaar |    124 |    124 |      0 |     15 |     55 |   1 |  124.0 |
               +--------+--------+--------+--------+--------+-----+--------+

Top non-repeatable levels by time:
 Snake:4: 3875 daAuts
Shoals:2: 2831 daAuts
Vaults:1: 2647 daAuts
    D:14: 2548 daAuts
Vaults:2: 2269 daAuts
Depths:3: 2249 daAuts
Vaults:3: 2165 daAuts
  Lair:5: 2161 daAuts
  Lair:3: 2150 daAuts
Shoals:3: 1949 daAuts
Vaults:4: 1946 daAuts
 Snake:3: 1837 daAuts
Depths:2: 1628 daAuts
Depths:4: 1609 daAuts
Shoals:1: 1609 daAuts
